 Dungeon Crawl Stone Soup version 0.30-a0-691-g754fce4c43 (webtiles) character file.

Game seed: 13190640697441958613

104 drugrobin the Sneak (level 4, 0/37 HPs)
             Began as a Demigod Delver on Jan 20, 2023.
             Slain by an iguana (7 damage)
             ... on level 5 of the Dungeon.
             The game lasted 00:08:06 (2779 turns).

drugrobin the Sneak (Demigod Delver)                Turns: 2779, Time: 00:08:07

Health: 0/37       AC:  9    Str: 17    XL:     4   Next: 28%
Magic:  6/6        EV:  7    Int: 18    God:
Gold:   228        SH:  0    Dex: 15    Spells: 3/3 levels left

rFire   . . .      SeeInvis .      - Unarmed
rCold   . . .      Faith    .    (no shield)
rNeg    . . .      Spirit   .    i - +0 chain mail
rPois   .          Reflect  .    m - +0 helmet
rElec   .          Harm     .    (no cloak)
rCorr   .          Rampage  .    (no gloves)
Will    +....                    (no boots) Stlth
                                 (no amulet)
HPRegen 0.26/turn                y - +6 ring of intelligence
MPRegen 0.10/turn                h - ring of willpower

@: no status effects
A: high MP 1, forlorn, divine attributes
a: no special abilities


You were on level 5 of the Dungeon.
You visited 1 branch of the dungeon, and saw 5 of its levels.

You collected 306 gold pieces.
You spent 78 gold pieces at shops.

Inventory:

Hand Weapons
 b - a +0 sling
Missiles
 j - 8 poisoned darts (quivered)
Armour
 a - a +0 leather armour
 i - a +0 chain mail (worn)
 m - a +0 helmet (worn)
Jewellery
 h - a ring of willpower (right hand)
 y - a +6 ring of intelligence (left hand)
Wands
 f - a wand of digging (3)
 A - a wand of flame (10)
Scrolls
 c - 2 scrolls of magic mapping
 d - 2 scrolls of fear
 k - 5 scrolls of identify {unknown}
 l - a scroll of enchant weapon {unknown}
 n - a scroll of amnesia {unknown}
 q - a scroll of teleportation {unknown}
 s - a scroll of enchant armour {unknown}
 t - a scroll of immolation {unknown}
 u - a scroll of fog
 w - a scroll of vulnerability {unknown}
 x - a scroll of poison {unknown}
 z - a scroll of torment {unknown}
Potions
 e - 2 potions of haste
 g - a potion of invisibility {unknown}
 o - 2 potions of curing {unknown}
 p - 2 potions of flight {unknown}
 r - 2 potions of degeneration {unknown}
 v - 2 potions of berserk rage {unknown}
 B - 2 potions of might {unknown}
 C - a potion of brilliance {unknown}
 D - a potion of mutation {unknown}
 E - 2 potions of cancellation {unknown}
 F - 2 potions of resistance {unknown}


   Skills:
 - Level 2.6 Fighting
 - Level 1.7 Dodging
 - Level 4.5 Stealth
 + Level 4.4 Unarmed Combat


You had 3 spell levels left.
You didn't know any spells.
Your spell library contained the following spells:

 Spells                   Type           Power      Damage    Failure   Level
 Kiss of Death            Conj/Necr      0%         2d5       99%         1
 Cigotuvi's Dreadful Rot  Necr/Pois/Air  0%         N/A       99%         2
 Poisonous Vapours        Pois/Air       0%         N/A       99%         2
 Confusing Touch          Hex            0%         N/A       100%        3
 Hailstorm                Conj/Ice       0%         3d3       100%        3
 Mephitic Cloud           Conj/Pois/Air  0%         N/A       100%        3
 Tukima's Dance           Hex            0%         N/A       100%        3
 Dispel Undead            Necr           0%         3d6       100%        4
 Ice Form                 Ice/Tmut       0%         N/A       100%        4
 Passage of Golubria      Tloc           0%         N/A       100%        4
 Yara's Violent Unravell  Hex/Tmut       0%         3d3       100%        5
 Simulacrum               Ice/Necr       0%         N/A       100%        6


Dungeon Overview and Level Annotations

Branches:
Dungeon (5/15)
 Temple: D:4-7

Shops:
D:1 !((*(


Innate Abilities, Weirdness & Mutations

You have an increased reservoir of magic. (+10% MP)
You shall have no god before yourself.
Your divine heritage dramatically boosts your attributes as you level up.


Message History

The iguana misses you.
Unknown command.
Unknown command.
You barely miss the iguana. The iguana bites you.
You barely miss the iguana.
The iguana bites you but does no damage.
You punch the iguana!
The iguana is heavily wounded.
The iguana bites you!
You barely miss the iguana.
The iguana is heavily wounded.
The iguana bites you.
You closely miss the iguana.
The iguana is heavily wounded.
The iguana closely misses you.
You closely miss the iguana.
The iguana is heavily wounded.
The iguana bites you.
You hit the iguana.
The iguana is severely wounded.
The iguana bites you but does no damage.
You hit the iguana but do no damage.
The iguana is severely wounded.
The iguana bites you.
You barely miss the iguana.
The iguana is severely wounded.
The iguana bites you.
You hit the iguana.
The iguana is almost dead.
The iguana bites you!
* * * LOW HITPOINT WARNING * * *
You barely miss the iguana.
The iguana is almost dead.
You hit the iguana.
The iguana is almost dead.
The iguana bites you but does no damage.
You completely miss the iguana.
The iguana is almost dead.
The iguana bites you!
You die...

#. .# ##.##.###
## .# #......#
#....#.#
#.##.#.# #....#
# # #....#
..#.##....#
..........#
..#.#..@..#
!.....l........
...#...........
##.......##.###
##.#.<#.# ?#
#.... .. #
#..## ## #..


You could see an iguana.

Vanquished Creatures
  4 adders
  2 ufetubi
  2 dart slugs
  2 orcs (D:4)
  2 ball pythons
  A bat (D:1)
  3 endoplasms
  3 giant cockroaches (D:1)
  5 goblins
  5 hobgoblins
  6 quokkas
  6 frilled lizards
  3 kobolds (D:4)
  7 rats
51 creatures vanquished.

Notes
Turn   | Place    | Note
-------+----------+-------------------------------------------
     0 | D:5      | drugrobin the Demigod Delver began the quest for the Orb.
     0 | D:5      | Reached XP level 1. HP: 18/18 MP: 3/3
   196 | D:1      | Found Vufoxedu's Weapon Boutique.
   327 | D:1      | Found Ypsoe's Assorted Antiques.
   347 | D:1      | Bought a scroll labelled BEAJADDUHU for 20 gold pieces
   347 | D:1      | Bought a scroll labelled BEAJADDUHU for 20 gold pieces
   347 | D:1      | Bought a metallic clear potion for 18 gold pieces
   347 | D:1      | Bought a scroll labelled BEAJADDUHU for 20 gold pieces
   386 | D:1      | Reached XP level 2. HP: 25/25 MP: 4/4
   587 | D:1      | Found Zuenoz's Antique Weapon Shop.
   592 | D:1      | Found Regarec's Distillery.
   662 | D:1      | Found Boblekho's Weapon Emporium.
  1771 | D:3      | Reached XP level 3. HP: 25/30 MP: 5/5
  2297 | D:4      | Reached XP level 4. HP: 37/37 MP: 6/6
  2779 | D:5      | Slain by an iguana

Illustrated notes

Levels and vault maps discovered:
D:1:      onia_arrival_mini_spirals, layout_basic, serial_shops,
          nicolae_shop_bloodbath_and_beyond,
          nicolae_shop_competitors_out_of_business,
          nicolae_shop_advertising_works [nicolae_subvault_shop_adworks], shop,
          nicolae_square_shop, chequers_ecumenical_altar_simple_redux
D:2:      layout_loops_ring
D:3:      layout_loops_ring
D:4:      layout_cave_pools, mainiacjoe_overflow_surrounded_room,
          minmay_ruptured
D:5:      layout_loops_ring, gammafunk_temple_overflow_pools

Skill      XL: |  1  2  3 |
---------------+----------+-----
Unarmed Combat | 2 3 4 |  4.4
Fighting       | |  2.6
Dodging        | |  1.7
Stealth        | |  4.5

Action                   |  1- 3 |  4- 6 || total
-------------------------+-------+-------++-------
Melee: Unarmed           |   161 |    42 ||   203
       Punch             |     3 |     1 ||     4
 Fire: Sling             |     5 |       ||     5
Throw: Dart              |     2 |       ||     2
Armor: Chain mail        |    94 |    21 ||   115
       Leather armour    |     1 |       ||     1
Dodge: Dodged            |    61 |    16 ||    77

Table legend: (Time is in decaauts)
 A = Elapsed time spent in this place.
 B = Non-inter-level travel time spent in this place.
 C = Inter-level travel time spent in this place.
 D = Time resting spent in this place.
 E = Time spent auto-exploring this place.
 F = Levels seen in this place.
 G = Mean time per level.
                   A        B        C        D        E       F      G
               +--------+--------+--------+--------+--------+-----+--------+
         Total |   2769 |   2535 |    234 |      4 |   1884 |   5 |  553.8 |
       Dungeon |   2769 |   2535 |    234 |      4 |   1884 |   5 |  553.8 |
               +--------+--------+--------+--------+--------+-----+--------+

Top non-repeatable levels by time:
     D:1: 750 daAuts
     D:3: 729 daAuts
     D:4: 596 daAuts
     D:2: 569 daAuts
     D:5: 123 daAuts
